 Dungeon Crawl Stone Soup version 0.28-a0-724-g66f9036eb4 (webtiles) character file.

Game seed: 17334418782716902475

882 kae the Cleaver (level 8, -7/70 HPs)
             Began as a Hill Orc Cinder Acolyte on Oct 26, 2021.
             Was a High Priest of Ignis.
             Mangled by a hornet zombie (9 damage)
             ... on level 5 of the Dungeon.
             The game lasted 00:05:38 (8844 turns).

kae the Cleaver (Hill Orc Cinder Acolyte)           Turns: 8844, Time: 00:05:39

Health: -7/70      AC: 14    Str: 17    XL:     8   Next: 5%
Magic:  1/12       EV:  7    Int: 16    God:    Ignis [*****.]
Gold:   175        SH:  0    Dex:  6    Spells: 10/12 levels left

rFire   + + .      SeeInvis .   a - -1 hand axe (flame)
rCold   + . .      Faith    .   (no shield)
rNeg    . . .      Spirit   .   f - +2 chain mail {rF+}
rPois   .          Reflect  .   g - +2 helmet
rElec   .          Harm     .   (no cloak)
rCorr   .          Rampage  .   (no gloves)
Will    .....                   (no boots)
Stlth   ..........              (no amulet)
HPRegen 0.21/turn               i - ring of protection from cold
MPRegen 0.13/turn               (no ring)

@: very slightly contaminated
A: no striking features
a: Renounce Religion, Sea of Fire, Foxfire Swarm, Rising Flame


You were on level 5 of the Dungeon.
You worshipped Ignis.
Ignis was extremely pleased with you.
You visited 1 branch of the dungeon, and saw 5 of its levels.

You collected 175 gold pieces.

Inventory:

Hand Weapons
 a - a -1 hand axe of flaming (weapon)
Missiles
 c - a throwing net (quivered)
Armour
 f - a +2 chain mail of fire resistance (worn)
 g - a +2 helmet (worn)
Jewellery
 i - a ring of protection from cold (left hand)
Wands
 l - a wand of digging (2)
 q - a wand of flame (22)
Scrolls
 d - 4 scrolls of identify
 e - a scroll of amnesia
 o - a scroll of teleportation
Potions
 b - 2 potions of lignification
 h - a potion of cancellation
 j - a potion of berserk rage
 k - a potion of attraction
 m - 2 potions of curing {unknown}
 n - a potion of mutation {unknown}


   Skills:
 + Level 5.7 Fighting
 * Level 8.0 Axes
 + Level 2.7 Armour
 + Level 2.8 Spellcasting
 + Level 5.2 Fire Magic


You had 10 spell levels left.
You knew the following spells:

 Your Spells              Type           Power      Damage    Failure   Level
a - Scorch                Fire           38%        2d7       45%         2

Your spell library contained the following spells:

 Spells                   Type           Power      Damage    Failure   Level
 Passage of Golubria      Tloc           2%         N/A       100%        4
 Silence                  Hex/Air        1%         N/A       100%        5
 Lehudib's Crystal Spear  Conj/Erth      1%         10d2      100%        8


Dungeon Overview and Level Annotations

Branches:
Dungeon (5/15)
 Temple: D:4-7

Altars:
Fedhas
Okawaru

Shops:
D:2 [

Annotations:
D:2 1 runed translucent door, Crazy Yiuf
D:3 Pikel


Message History

* * * LOW HITPOINT WARNING * * *
The hornet zombie closely misses you.
You hit the hornet zombie but do no damage.
The hornet zombie is severely damaged.
The hornet zombie hits you.
* * * LOW HITPOINT WARNING * * *
You hit the hornet zombie but do no damage.
The hornet zombie is severely damaged.
The hornet zombie closely misses you.
Casting: Scorch (dangerous; 45% risk of failure)
Confirm with . or Enter, or press ? or * to list all spells.
You miscast Scorch.
Nothing appears to happen.
You are no longer corroded.
The hornet zombie hits you but does no damage.
Casting: Scorch (dangerous; 45% risk of failure)
Confirm with . or Enter, or press ? or * to list all spells.
You don't have enough magic to cast this spell.
Casting: Scorch (dangerous; 45% risk of failure)
Confirm with . or Enter, or press ? or * to list all spells.
You don't have enough magic to cast this spell.
You barely miss the hornet zombie.
The hornet zombie is severely damaged.
The hornet zombie hits you but does no damage.
You closely miss the hornet zombie.
The hornet zombie is severely damaged.
The hornet zombie hits you!
* * * LOW HITPOINT WARNING * * *
Casting: Scorch (dangerous; 45% risk of failure)
Confirm with . or Enter, or press ? or * to list all spells.
You don't have enough magic to cast this spell.
You hit the hornet zombie. You burn the hornet zombie.
The hornet zombie is almost destroyed.
The hornet zombie hits you.
* * * LOW HITPOINT WARNING * * *
The hornet zombie hits you.
* * * LOW HITPOINT WARNING * * *
You hit the hornet zombie but do no damage.
The hornet zombie is almost destroyed.
The hornet zombie hits you!
You die...

..####..........#
....?...........#.#
................#.#
................#.#
....J......###'##.#
...Z.......# #..#.#
...........# ##.#.#
..########## #Z#.# ## #@..#
##..# #..# ## ##.# <#
##########'## .#
..##...<....>.#
'###....##...(......#
........##..........#######
......####..........'.....#


You could see a hornet zombie.

Vanquished Creatures
  Sigmund (D:4)
  Edmund (D:4)
  A necrophage (D:5)
  4 lemures
  A phantom (D:4)
  A bullfrog zombie (D:5)
  A bullfrog skeleton (D:4)
  2 jellies (D:5)
  Ijyb (D:4)
  Natasha (thrice) (D:3)
  Terence (D:2)
  Robin (D:1)
  7 gnolls
  3 adders
  An adder skeleton (D:4)
  A worm (D:3)
  6 dart slugs
  An orc (D:4)
  4 ball pythons
  6 bats
  8 endoplasms
  2 giant cockroaches
  16 goblins
  6 hobgoblins
  8 jackals
  5 quokkas
  3 frilled lizards
  9 kobolds
  10 rats
114 creatures vanquished.

Notes
Turn   | Place    | Note
-------+----------+-------------------------------------------
     0 | D:1      | kae the Hill Orc Cinder Acolyte began the quest for the
                  | Orb.
     0 | D:1      | Reached XP level 1. HP: 19/19 MP: 2/2
   177 | D:1      | Reached XP level 2. HP: 27/27 MP: 3/3
  1166 | D:1      | Reached XP level 3. HP: 29/33 MP: 4/4
  1584 | D:2      | Learned a level 2 spell: Scorch
  1872 | D:2      | Found a runed translucent door.
  1873 | D:2      | Noticed Crazy Yiuf
  2175 | D:2      | Noticed Terence
  2473 | D:2      | Killed Terence
  2474 | D:2      | Reached skill level 5 in Axes
  2474 | D:2      | Reached XP level 4. HP: 29/40 MP: 6/6
  2591 | D:2      | Noticed Robin
  2640 | D:1      | Killed Robin
  3098 | D:1      | Reached XP level 5. HP: 32/47 MP: 7/7
  3596 | D:2      | Found Zege Xorph's Antique Armour Shoppe.
  4043 | D:3      | Found an iron altar of Okawaru.
  4107 | D:3      | Found a blossoming altar of Fedhas.
  5045 | D:4      | Noticed Sigmund
  5267 | D:4      | Killed Sigmund
  5268 | D:4      | Reached skill level 6 in Axes
  5268 | D:4      | Reached skill level 1 in Armour
  5268 | D:4      | Reached XP level 6. HP: 53/55 MP: 1/9
  5378 | D:4      | Reached skill level 5 in Fighting
  5499 | D:4      | Noticed Edmund
  5512 | D:4      | Killed Edmund
  5513 | D:4      | Reached skill level 7 in Axes
  5513 | D:4      | Reached XP level 7. HP: 32/61 MP: 2/10
  5526 | D:4      | Noticed Natasha
  5782 | D:3      | Killed Natasha
  6045 | D:3      | Noticed Natasha
  6053 | D:3      | Killed Natasha
  6229 | D:3      | Found an iron altar of Okawaru.
  6238 | D:3      | Found a blossoming altar of Fedhas.
  6378 | D:3      | Noticed Natasha
  6389 | D:3      | Killed Natasha
  6862 | D:4      | Noticed Ijyb
  6932 | D:4      | Killed Ijyb
  7182 | D:4      | Noticed Pikel
  7351 | D:4      | Identified the +6 mace of Distraction {vorpal, rN++}
  7676 | D:4      | Reached skill level 5 in Fire Magic
  8585 | D:5      | Entered Level 5 of the Dungeon
  8693 | D:5      | Reached skill level 8 in Axes
  8693 | D:5      | Reached XP level 8. HP: 70/70 MP: 4/12
  8843 | D:5      | HP: 2/70 [hornet zombie (6)]
  8844 | D:5      | Mangled by a hornet zombie

Illustrated notes

Levels and vault maps discovered:
D:1:      saegor_arrival_simple_b, layout_basic
D:2:      minmay_angry_zag, layout_loops_corners, serial_shops,
          nicolae_diamond_shop, minmay_misc_feat_rugged, uniq_terence,
          uniq_robin, uniq_crazy_yiuf_cottage
D:3:      layout_loops_ring, minitemple, mrwooster_statue_mirror
D:4:      layout_loops_ring, hangedman_decor_growths, grunt_decor_resistance,
          uniq_sigmund, uniq_natasha, uniq_pikel, uniq_ijyb, uniq_edmund
D:5:      layout_basic

Skill      XL: |  1  2  3  4  5  6  7 |
---------------+----------------------+-----
Fighting       | 4 5 |  5.7
Axes           | 5 6 7 8 |  8.0
Fire Magic     | 4 5 |  5.2
Armour         | 1 2 |  2.7
Spellcasting   | 2 |  2.8

Action                   |  1- 3 |  4- 6 |  7- 9 || total
-------------------------+-------+-------+-------++-------
Melee: Hand axe          |   146 |   194 |   128 ||   468
       Unarmed           |       |       |     3 ||     3
 Cast: Scorch            |     2 |     7 |    39 ||    48
  Use: Scroll            |     4 |     4 |     5 ||    13
       Potion            |     1 |       |       ||     1
Armor: Robe              |    16 |       |       ||    16
       Chain mail        |    36 |   125 |   143 ||   304
Dodge: Dodged            |    69 |    56 |    57 ||   182

Table legend: (Time is in decaauts)
 A = Elapsed time spent in this place.
 B = Non-inter-level travel time spent in this place.
 C = Inter-level travel time spent in this place.
 D = Time resting spent in this place.
 E = Time spent auto-exploring this place.
 F = Levels seen in this place.
 G = Mean time per level.
                   A        B        C        D        E       F      G
               +--------+--------+--------+--------+--------+-----+--------+
         Total |   8866 |   8625 |    241 |   2191 |   5165 |   5 | 1773.2 |
       Dungeon |   8866 |   8625 |    241 |   2191 |   5165 |   5 | 1773.2 |
               +--------+--------+--------+--------+--------+-----+--------+

Top non-repeatable levels by time:
     D:3: 2937 daAuts
     D:1: 2112 daAuts
     D:2: 1905 daAuts
     D:4: 1655 daAuts
     D:5: 255 daAuts
